 Dungeon Crawl Stone Soup version 0.29-a0-559-g359e09b9d1 (webtiles) character file.

Game seed: 17673267554913795362

1106 mandarbmax the Destroyer (level 8, -8/57 HPs)
             Began as a Meteoran Fire Elementalist on June 10, 2022.
             Mangled by Edmund
             ... wielding a +7 vorpal flail
              (19 damage)
             ... on level 6 of the Dungeon.
             The game lasted 00:16:26 (2597 turns).

mandarbmax the Destroyer (MeFE)                     Turns: 2597, Time: 00:16:26

Health: -8/57      AC:  4    Str: 10    XL:     8   Next: 89%
Magic:  1/13       EV: 13    Int: 19    God:
Gold:   196        SH:  0    Dex: 14    Spells: 6/13 levels left

rFire   . . .      SeeInvis .   s - +1 rapier (speed)
rCold   . . .      Faith    .   (no shield)
rNeg    . . .      Spirit   .   a - +0 robe
rPois   .          Reflect  .   (no helmet)
rElec   .          Harm     .   (no cloak)
rCorr   .          Rampage  .   n - +0 pair of gloves
Will    +....                   v - +0 pair of boots
Stlth   +.........              (no amulet)
HPRegen 0.19/turn               (no ring)
MPRegen 0.13/turn               (no ring)

@: about to teleport, glowing
A: sense surroundings 1, otherworldly, glowing, explore regen
a: no special abilities


You were on level 6 of the Dungeon.
You visited 1 branch of the dungeon, and saw 6 of its levels.

You collected 196 gold pieces.

Inventory:

Hand Weapons
 s - a +1 rapier of speed (weapon)
Missiles
 i - 2 atropa-tipped darts
Armour
 a - a +0 robe (worn)
 n - a +0 pair of gloves (worn)
 v - a +0 pair of boots (worn)
Wands
 q - a wand of polymorph (11)
 t - a wand of mindburst (15)
 x - a wand of acid (12)
Scrolls
 c - a scroll of fog {unknown}
 d - 2 scrolls of teleportation
 g - 2 scrolls of vulnerability {unknown}
 l - a scroll of brand weapon {unknown}
 p - 2 scrolls of magic mapping {unknown}
 r - 2 scrolls of immolation {unknown}
 u - a scroll of enchant weapon {unknown}
 w - 3 scrolls of poison
 y - a scroll of amnesia {unknown}
Potions
 b - a potion of magic
 e - 3 potions of curing {unknown}
 f - a potion of ambrosia {unknown}
 h - 5 potions of degeneration {unknown}
 j - a potion of attraction
 k - a potion of resistance
 o - 2 potions of flight {unknown}
 z - a potion of haste {unknown}


   Skills:
 - Level 3.0 Dodging
 - Level 1.4 Stealth
 - Level 3.0 Spellcasting
 + Level 8.4 Conjurations
 + Level 8.4 Fire Magic


You had 6 spell levels left.
You knew the following spells:

 Your Spells              Type           Power      Damage    Failure   Level
a - Foxfire               Conj/Fire      100%       2x1d9     1%          1
b - Scorch                Fire           68%        2d8       1%          2
c - Flame Wave            Conj/Fire      34%        2d8       4%          4

Your spell library contained the following spells:

 Spells                   Type           Power      Damage    Failure   Level
 Conjure Flame            Conj/Fire      34%        6-21      1%          3
 Inner Flame              Hex/Fire       18%        N/A       9%          3
 Necrotize                Necr           8%         1d4       16%         1
 Vampiric Draining        Necr           2%         2d6       41%         3
 Agony                    Necr           2%         N/A       99%         5


Dungeon Overview and Level Annotations

Branches:
Dungeon (6/15)
 Temple: D:4-7

Altars:

Shops:
D:4 (

Annotations:
D:6 Edmund


Innate Abilities, Weirdness & Mutations

You passively map a small area around you.
You are easily found by Zot.
You glow in the dark.
You regain HP and MP as you explore.


Message History

A wave of flame ripples out!
The flame wave engulfs the jelly!
The jelly is heavily wounded.
The flame wave engulfs Edmund!
Edmund is burned terribly!
Edmund is heavily wounded.
An orc comes into view. It is wielding a +0 flail.
An orc comes into view.
It is wielding a +1 falchion of flaming.
The jelly hits you but does no damage. Edmund misses you.
A wave of flame ripples out!
The flame wave engulfs the jelly!
You kill the jelly!
The flame wave engulfs Edmund!
Edmund is burned terribly!
Edmund is severely wounded.
You finish channelling waves of flame.
Edmund hits you with a +7 vorpal flail.
Unknown command.
Casting: Flame Wave (dangerous; 4% risk of failure)
Confirm with . or Enter, or press ? or * to list all spells.
You don't have enough magic to cast this spell.
Casting: Flame Wave (dangerous; 4% risk of failure)
Confirm with . or Enter, or press ? or * to list all spells.
Flames lash Edmund.
Edmund is burned terribly!
Edmund is severely wounded.
An orc priest comes into view. It is wielding a +0 club.
An orc comes into view. It is wielding a +0 trident.
Edmund hits you with a +7 vorpal flail!
* * * LOW HITPOINT WARNING * * *
x2 You feel much better.
Edmund hits you with a +7 vorpal flail.
Okay, then.
The air fills with toxic fumes!
As you read the scroll labelled PUOFAZ ATIRIQ, it crumbles to dust.
It was a scroll of poison.
Edmund hits you with a +7 vorpal flail!!
* * * LOW HITPOINT WARNING * * *
x2
As you read the scroll labelled XAOSCHULOMO, it crumbles to dust.
You feel strangely unstable.
It was a scroll of teleportation.
The orc is engulfed in poison gas.
The orc is poisoned.
The orc is engulfed in poison gas.
The orc is poisoned.
The orc priest is engulfed in poison gas.
The orc priest is poisoned.
The orc priest casts a cantrip, but nothing happens.
Edmund hits you with a +7 vorpal flail!!
You die...

≈≈≈≈#.#≈≈≈≈≈..# * * *
≈≈≈≈#.#≈≈§§§§§# * ,
≈≈≈≈#.#≈≈§§§§§# *
.≈≈≈#.#≈≈§§§§§##
...≈#.#≈.§§§§§§# #####
*
#.......§§§§§§##*§§§§§§
####†###§§§§§§§##§§§§§§
#....§§§§§§§§§§§§§§§,
#########§§§@@§§§§§§ ,
#§§§§§§§§§§§ **
#§o§§§§§§§§§
§ooo§§§§§§§§§
§.§.§§##§§##### ,
§.o§§§# #§# , §§§§§§ §#
* ######* §§ * *


You could see Edmund (strong, combustible), an orc priest (poisoned) and 4 orcs.

Vanquished Creatures
  Duvessa (D:5)
  A black bear (D:4)
  A necrophage (D:4)
  2 scorpions
  Dowan (D:5)
  3 jellies
  2 orc priests
  3 hounds (D:5)
  4 iguanas
  Ijyb (D:3)
  A gnoll shaman (D:5)
  3 orc wizards
  5 gnolls (D:5)
  9 adders
  The ghost of DocClef the Covert, a weakling GnDe (D:5)
  11 orcs
  2 endoplasms
  4 giant cockroaches
  7 goblins
  8 hobgoblins
  2 quokkas
  11 ball pythons
  6 bats
  4 frilled lizards
  6 kobolds
  6 rats
105 creatures vanquished.

Vanquished Creatures (collateral kills)
  A foxfire (D:4)
1 creature vanquished.

Vanquished Creatures (others)
  344 foxfires
  10 plants (D:3)
354 creatures vanquished.

Grand Total: 460 creatures vanquished

Notes
Turn   | Place    | Note
-------+----------+-------------------------------------------
     0 | D:1      | mandarbmax the Meteoran Fire Elementalist began the quest
                  | for the Orb.
     0 | D:1      | Reached XP level 1. HP: 14/14 MP: 5/5
    84 | D:1      | Reached XP level 2. HP: 20/20 MP: 1/6
   336 | D:1      | Reached XP level 3. HP: 26/26 MP: 3/8
   386 | D:1      | Found a faded altar of an unknown god.
   661 | D:2      | Reached XP level 4. HP: 33/33 MP: 3/9
   780 | D:2      | Learned a level 2 spell: Scorch
   785 | D:2      | Learned a level 4 spell: Flame Wave
   885 | D:3      | Reached XP level 5. HP: 38/38 MP: 3/10
   922 | D:3      | Noticed Ijyb
   930 | D:3      | Killed Ijyb
  1220 | D:3      | Reached XP level 6. HP: 45/45 MP: 4/11
  1398 | D:4      | Found Poack's Antique Weapon Boutique.
  1457 | D:4      | Reached skill level 5 in Conjurations
  1457 | D:4      | Reached skill level 5 in Fire Magic
  1663 | D:4      | Reached XP level 7. HP: 40/50 MP: 5/12
  1998 | D:5      | Entered Level 5 of the Dungeon
  2036 | D:5      | Noticed DocClef's ghost (weakling GnDe)
  2050 | D:5      | Reached XP level 8. HP: 49/57 MP: 6/13
  2061 | D:5      | Found a runed translucent door.
  2083 | D:5      | Noticed Duvessa
  2087 | D:5      | Noticed Dowan
  2091 | D:5      | Killed Duvessa
  2097 | D:5      | Killed Dowan
  2161 | D:5      | Killed DocClef's ghost
  2585 | D:6      | Noticed Edmund
  2597 | D:6      | Mangled by Edmund

Illustrated notes

Levels and vault maps discovered:
D:1:      dpeg_arrival_rooms_b, layout_basic,
          shapermc_ecumenical_altar_notcrosses, serial_bayou_pond_e
D:2:      cheibrodos_helix_gallery, layout_basic, minmay_misc_feat_more_columns
D:3:      wad_lake_hut, layout_basic, uniq_ijyb
D:4:      layout_loops_corners, serial_shops, shop
D:5:      layout_basic, serial_curves, eino_curves_03, eino_curves_03,
          hellmonk_ghost_happy_afterlife, uniq_duvessa
D:6:      layout_basic, minmay_gold_behind_fungi, grunt_decor_junction,
          serial_bayou_crossing, uniq_edmund, uniq_menkaure

Skill      XL: |  1  2  3  4  5  6  7  8 |
---------------+-------------------------+-----
Spellcasting   | 3 |  3.0
Fire Magic     | 4 5 6 8 |  8.4
Conjurations   | 3 4 5 6 8 |  8.4
Dodging        | 3 |  3.0
Stealth        | |  1.4

Action                   |  1- 3 |  4- 6 |  7- 9 || total
-------------------------+-------+-------+-------++-------
Melee: Dagger            |     5 |     3 |       ||     8
       Rapier            |       |     9 |     8 ||    17
       Punch             |       |     1 |       ||     1
 Cast: Foxfire           |    55 |    94 |    68 ||   217
       Scorch            |       |     7 |    24 ||    31
       Flame Wave        |       |       |     3 ||     3
  Use: Scroll            |       |       |     5 ||     5
       Potion            |       |       |     1 ||     1
Armor: Robe              |     8 |     5 |     9 ||    22
Dodge: Dodged            |    21 |    16 |    10 ||    47

Table legend: (Time is in decaauts)
 A = Elapsed time spent in this place.
 B = Non-inter-level travel time spent in this place.
 C = Inter-level travel time spent in this place.
 D = Time resting spent in this place.
 E = Time spent auto-exploring this place.
 F = Levels seen in this place.
 G = Mean time per level.
                   A        B        C        D        E       F      G
               +--------+--------+--------+--------+--------+-----+--------+
         Total |   2631 |   2248 |    383 |      0 |      0 |   6 |  438.5 |
       Dungeon |   2631 |   2248 |    383 |      0 |      0 |   6 |  438.5 |
               +--------+--------+--------+--------+--------+-----+--------+

Top non-repeatable levels by time:
     D:4: 622 daAuts
     D:3: 581 daAuts
     D:5: 524 daAuts
     D:1: 491 daAuts
     D:2: 337 daAuts
     D:6: 73 daAuts
